 Dungeon Crawl Stone Soup version 0.27.1-33-g824d729ab1 (webtiles) character file.

Game seed: 15901448603978748083

3521 pkoi the Martial Artist (level 9, -13/71 HPs)
             Began as a Yellow Draconian Monk on Dec 2, 2021.
             Was a Follower of Ashenzari.
             Mangled by Harold (23 damage)
             ... on level 7 of the Dungeon.
             The game lasted 00:10:26 (8711 turns).

pkoi the Martial Artist (Yellow Draconian Monk)     Turns: 8711, Time: 00:10:26

Health: -13/71     AC:  7    Str: 16    XL:     9   Next: 81%
Magic:  16/16      EV: 14    Int: 17    God:    Ashenzari [*.....]
Gold:   441        SH:  0    Dex: 13    Spells: 12/17 levels left

rFire    . . .     SeeInvis +     - Unarmed
rCold    + . .     Faith    .   (no shield)
rNeg     . . .     Spirit   .   (armour unavailable)
rPois    +         Reflect  .   (helmet restricted)
rElec    .         Harm     .   (no cloak)
rCorr    +         Rampage  .   (no gloves)
Will     .....                  (no boots)
Stlth    ++........             e - amulet of the acrobat
HPRegen  0.21/turn              c - ring "All-seeing Fetters" {Str+3 Slay+4 SInv, Melee, Self} (curse)
MPRegen  0.15/turn              i - ring of Ashenzari's Seer {rPois, Fort, Alch} (curse)

@: about to teleport, short of breath
A: spit acid, AC +7, unfitting armour, cold-blooded, acid resistance, clever 1,
cold resistance 1, evolution 1
a: Breathe Acid, Renounce Religion, Curse Item, Shatter the Chains


You were on level 7 of the Dungeon.
You worshipped Ashenzari.
Ashenzari was aware of your devotion.
You visited 2 branches of the dungeon, and saw 8 of its levels.
You also visited: Sewer.

You collected 441 gold pieces.

Inventory:

Missiles
 A - a throwing net (quivered)
Jewellery
 c - the cursed ring "All-seeing Fetters" (left hand) {Str+3 Slay+4 SInv, Melee, Self}
   (You acquired it on level 3 of the Dungeon)

   [ring of see invisible]

   Str:       It affects your strength (+3).
   Slay:      It affects your accuracy & damage with ranged weapons and melee
   (+4).
   SInv:      It lets you see invisible.
   It has a curse which improves the following skills: Melee Combat: Short
   Blades, Long Blades, Axes, Maces & Flails, Polearms, Staves and Unarmed
   Combat.
   Introspection: Fighting and Spellcasting.
 e - an amulet of the acrobat (around neck)
 f - a ring of protection from fire
 i - the cursed ring of Ashenzari's Seer (right hand) {rPois, Fort, Alch}
   (You found it on level 4 of the Dungeon)

   [ring of poison resistance]

   rPois:     It protects you from poison.
   It has a curse which improves the following skills: Fortitude: Shields.
   Alchemy:   Poison Magic and Transmutations.
Wands
 j - a wand of polymorph (4)
 n - a wand of iceblast (14)
 x - a wand of flame (15)
 y - a wand of digging (3)
Scrolls
 k - 3 scrolls of teleportation
 l - 2 scrolls of enchant armour
 m - a scroll of blinking
 o - 5 scrolls of fear
 p - 2 scrolls of fog
 u - 2 scrolls of magic mapping
Potions
 a - 3 potions of flight
 b - 3 potions of curing
 d - 2 potions of ambrosia
 g - a potion of heal wounds
 h - 2 potions of resistance
 q - a potion of brilliance
 r - a potion of magic
 s - 3 potions of might
 t - 2 potions of cancellation
 v - a potion of berserk rage
 w - a potion of invisibility
 z - a potion of haste


   Skills:
 - Level 3.2(4.2) Fighting
 + Level 5.5 Dodging
 - Level 1.7 Stealth
 + Level 10.9(11.8) Unarmed Combat
 + Level 3.8(4.8) Spellcasting
 + Level 6.0(7.0) Transmutations


You had 12 spell levels left.
You knew the following spells:

 Your Spells              Type           Power      Damage    Failure   Level
a - Blade Hands           Tmut           14%        N/A       22%         5

Your spell library contained the following spells:

 Spells                   Type           Power      Damage    Failure   Level
 Call Canine Familiar     Summ           4%         N/A       41%         3
 Portal Projectile        Hex/Tloc       8%         N/A       41%         3
 Leda's Liquefaction      Hex/Erth       2%         N/A       82%         4
 Excruciating Wounds      Necr           2%         N/A       99%         5
 Iron Shot                Conj/Erth      2%         9d2       100%        6
 Animate Armour           Summ/Erth      Unusable   N/A       N/A         4

Dungeon Overview and Level Annotations

Branches:
Dungeon (7/15)             Temple (1/1) D:4           Sewer (visited)

Altars:
Ashenzari
Cheibriados
Elyvilon
Fedhas
Hepliaklqana
Kikubaaqudgha
Nemelex Xobeh
Okawaru
Sif Muna
Trog
Uskayaw
Vehumet
Wu Jian
Xom
Yredelemnul
Zin
The Shining One
Lugonu

Annotations:
D:7 3 runed translucent doors, Harold; Maggie; y3s's ghost, novice MiBe


Innate Abilities, Weirdness & Mutations

You can spit globs of acid.
Your golden yellow scales are hard. (AC +7)
You cannot fit into any form of body armour.
You are cold-blooded and may be slowed by cold attacks.
You are resistant to acid. (rCorr)
Your mind is acute. (Int +2)
Your flesh is cold resistant. (rC+)
You evolve.


Message History

Search for what [Enter for "shield", or ? for help]? scroll Unknown command.
Things that are here:
a +2 dagger; a +0 robe
d - 2 potions of ambrosia (gained 1)
Things that are here:
a +0 giant club; an ogre corpse Harold shouts!
Harold is nearby!
Harold is nearby!
Things that are here:
a +0 robe; a +0 flail Harold looks eager to get this over with.
Harold fires a harpoon shot at you. The harpoon shot misses you.
There is a stone staircase leading up, spattered with blood here.
Things that are here:
a +0 robe; a +0 flail
Press: ? - help, Shift-Dir - straight line, f - Harold
Aim: Harold, wielding a +0 dire flail and wearing a +0 scale mail You spit a glob of acid.
The glob of acid hits Harold!
Harold is splashed with acid.
Harold is lightly wounded.
Harold hits you with a +0 dire flail!!
Unknown command.
You hit Harold.
Harold is lightly wounded.
Harold hits you with a +0 dire flail!
* * * LOW HITPOINT WARNING * * *
You hit Harold.
Your tail-slap misses Harold.
Harold is moderately wounded.
You barely miss Harold.
Harold is moderately wounded.
Harold hits you with a +0 dire flail!!
* * * LOW HITPOINT WARNING * * *
Things that are here:
a +0 robe; a +0 flail
As you read the scroll of teleportation, it crumbles to dust.
You feel strangely unstable. Harold hits you with a +0 dire flail!!
You die...

#.........# #.# #..........
#.....[[..# #.###.)....####
##........# #..........#
##.......###.########.#
###..........######..#
#..................#
#..........#######.#
#.....@.....## #...
##.)...@......####....
#.......<...#......#.
#######...........####.....#
#.....#............... ##...
.................#.### .
..........>......#..#
.................##.#
.................# ..
.........).......#


You could see Harold.

Vanquished Creatures
  Pikel (D:6)
  2 steam dragons (D:6)
  Duvessa (D:6)
  An ice beast (D:6)
  2 sky beasts (D:7)
  An orc warrior (D:6)
  A hornet zombie (D:7)
  3 ogres
  A centaur (D:7)
  A phantom (D:6)
  3 lemures (D:6)
  Blork the orc (D:5)
  3 bullfrogs
  2 wyvern zombies (D:7)
  2 scorpions (D:6)
  Dowan (D:6)
  A water moccasin zombie (D:6)
  A wyvern skeleton (D:7)
  2 water moccasin skeletons
  5 wights (D:7)
  A bullfrog zombie (D:5)
  2 hounds
  A jelly (D:3)
  2 orc priests (D:6)
  2 centaur skeletons (D:7)
  A gnoll shaman (D:6)
  An iguana (D:3)
  A killer bee zombie (D:5)
  A hound zombie (D:3)
  A hound skeleton (D:4)
  A mummy (D:4)
  11 gnolls
  25 adders
  5 river rats
  2 white imps
  2 worms
  3 dart slugs
  15 orcs
  10 endoplasms
  4 giant cockroaches
  7 goblins
  6 hobgoblins
  8 jackals
  2 quokkas
  14 ball pythons
  6 bats
  10 frilled lizards
  6 kobolds
  28 rats
213 creatures vanquished.

Vanquished Creatures (others)
  An orc (D:4)
1 creature vanquished.

Grand Total: 214 creatures vanquished

Notes
Turn   | Place    | Note
-------+----------+-------------------------------------------
     0 | D:1      | pkoi the Draconian Monk began the quest for the Orb.
     0 | D:1      | Reached XP level 1. HP: 19/19 MP: 1/1
   165 | D:1      | Reached XP level 2. HP: 24/26 MP: 2/2
   359 | D:1      | Reached skill level 4 in Unarmed Combat
   948 | D:2      | Reached XP level 3. HP: 29/31 MP: 3/3
  1506 | D:2      | Found a faded altar of an unknown god.
  1507 | D:2      | Noticed a shining eye
  1508 | D:2      | Noticed a great orb of eyes
  1514 | D:2      | Noticed a floating eye
  1517 | D:2      | Noticed an eye of devastation
  1553 | D:3      | Identified a scroll of acquirement
  1553 | D:3      | Acquired the ring "Wequin" {Str+3 Slay+4 SInv}
  1602 | D:2      | Reached skill level 5 in Unarmed Combat
  1602 | D:2      | Reached XP level 4. HP: 30/38 MP: 4/4
  2002 | D:3      | Reached XP level 5. HP: 37/45 MP: 5/5
  2204 | D:3      | Reached skill level 6 in Unarmed Combat
  2285 | D:3      | Gained mutation: You evolve. [potion of mutation]
  2285 | D:3      | Gained mutation: You are robust. (+10% HP) [potion of
                  | mutation]
  2542 | D:3      | Gained mutation: Your mind is acute. (Int +2) [evolution]
  2654 | D:4      | Identified the +1 chain mail "Lecsufoxopn" {rN++ Dex+2
                  | Stlth-}
  2701 | D:4      | Found a glowing silver altar of Zin.
  2702 | D:4      | Found an ornate altar of the Wu Jian Council.
  2703 | D:4      | Found a shimmering blue altar of Sif Muna.
  2704 | D:4      | Found a bloodstained altar of Trog.
  2791 | D:4      | Found a snail-covered altar of Cheibriados.
  2999 | D:4      | Found a staircase to the Ecumenical Temple.
  3008 | Temple   | Entered the Ecumenical Temple
  3060 | Temple   | Became a worshipper of Ashenzari the Shackled
  3506 | D:3      | Reached XP level 6. HP: 29/57 MP: 6/6
  4168 | D:5      | Entered Level 5 of the Dungeon
  4405 | D:5      | Noticed Blork the orc
  4414 | D:5      | Killed Blork the orc
  4415 | D:5      | Reached skill level 7 in Unarmed Combat
  4491 | D:5      | Found a glowing drain.
  4507 | D:5      | Your scales start taking on a golden yellow colour.
  4507 | D:5      | Reached XP level 7. HP: 60/63 MP: 7/7
  4507 | D:5      | Gained mutation: You are resistant to acid. (rCorr) [Yellow
                  | Draconian growth]
  4519 | Sewer    | Entered a sewer
  4934 | Sewer    | Gained mutation: Your flesh is cold resistant. (rC+)
                  | [evolution]
  5072 | Sewer    | Reached skill level 8 in Unarmed Combat
  5389 | D:5      | Found a blossoming altar of Fedhas.
  5629 | D:6      | Noticed Pikel
  5663 | D:6      | Reached skill level 5 in Dodging
  5663 | D:6      | Reached XP level 8. HP: 37/72 MP: 8/8
  5999 | D:6      | Reached skill level 9 in Unarmed Combat
  6060 | D:6      | Reached * piety under Ashenzari
  6067 | D:6      | Learned a level 5 spell: Blade Hands
  6122 | D:6      | Reached skill level 1 in Transmutations
  6194 | D:6      | Lost mutation: You are robust. (+10% HP) [evolution]
  6336 | D:6      | Noticed Duvessa
  6336 | D:6      | Noticed Dowan
  6340 | D:6      | Killed Duvessa
  6372 | D:6      | Killed Dowan
  6813 | D:5      | Reached skill level 10 in Unarmed Combat
  6863 | D:6      | Killed Pikel
  6864 | D:6      | Reached skill level 1 in Spellcasting
  6864 | D:6      | Reached XP level 9. HP: 52/71 MP: 8/12
  7166 | D:6      | Found a glowing golden altar of the Shining One.
  7186 | D:6      | Found a hide-covered altar of Uskayaw.
  7374 | D:6      | Found a shimmering altar of Xom.
  7524 | D:7      | Reached skill level 5 in Transmutations
  7743 | D:7      | Noticed Harold
  8450 | D:7      | Noticed Maggie
  8462 | D:7      | Found a runed translucent gate.
  8462 | D:7      | Found a runed translucent gate.
  8462 | D:7      | Found a runed translucent gate.
  8464 | D:7      | Noticed y3s's ghost (novice MiBe)
  8711 | D:7      | Mangled by Harold

Illustrated notes

Levels and vault maps discovered:
D:1:      amcnicky_arrival_underground_garden, layout_loops_ring
D:2:      layout_rooms, hellmonk_ecumenical_altar_watching_god
D:3:      layout_rooms, minmay_joined_circles
D:4:      layout_cave_pods, slow_altar_1,
          chequers_temple_overflow_statue_of_worship, lemuel_temple_firewalk_a,
          minmay_bisected
D:5:      layout_basic, kennysheep_little_box, portal_sewer_entry_b,
          uniq_blork_the_orc
D:6:      layout_loops_ring, mainiacjoe_overflow_alcove_4,
          mainiacjoe_overflow_swirl, lightli_corner_chamber, uniq_pikel,
          uniq_duvessa
D:7:      layout_rooms, general_overflow_altar, grunt_dithmenos_smoke,
          ebering_ghost_rock_garden, minmay_fractal_squares_diagonal_5,
          uniq_harold, uniq_maggie
Temple:   corrupted_temple

Skill      XL: |  1  2  3  4  5  6  7  8  9 |
---------------+----------------------------+-----
Unarmed Combat | 4 5 6 7 8 10 | 10.9
Dodging        | 3 4 5 |  5.5
Transmutations | 4 6 |  6.0
Spellcasting   | 1 3 |  3.8
Fighting       | |  3.2
Stealth        | |  1.7

Action                   |  1- 3 |  4- 6 |  7- 9 || total
-------------------------+-------+-------+-------++-------
Melee: Unarmed           |   112 |   189 |   336 ||   637
       Tailslap          |    13 |    24 |    45 ||    82
       Punch             |     1 |     3 |     9 ||    13
Invok: Curse Item        |       |     1 |     1 ||     2
 Abil: Breathe Acid      |       |       |     8 ||     8
  Use: Scroll            |     3 |     4 |     1 ||     8
       Potion            |       |     4 |       ||     4
 Stab: Sleeping          |     8 |       |     1 ||     9
Armor: Skin              |    31 |    42 |    86 ||   159
Dodge: Dodged            |   105 |   128 |   271 ||   504
